 Dungeon Crawl Stone Soup version 0.31-a0-128-g25add195a6 (webtiles) character file.

Game seed: 8991399312550722673

1516 senseless the Shooter (level 8, -2/70 HPs)
             Began as a Demigod Hunter on June 1, 2023.
             Shot with a sling bullet by Joseph (4 damage)
             ... on level 6 of the Dungeon.
             The game lasted 00:16:27 (5733 turns).

senseless the Shooter (Demigod Hunter)              Turns: 5733, Time: 00:16:28

Health: -2/70      AC:  6    Str: 12    XL:     8   Next: 28%
Magic:  10/10      EV: 17    Int: 11    God:
Gold:   317        SH:  0    Dex: 25    Spells: 7/7 levels left

rFire   . . .        a - +1 shortbow (flame)
rCold   + . .        (shield currently unavailable)
rNeg    . . .        k - +0 robe
rPois   .            h - +2 helmet
rElec   .            (no cloak)
rCorr   .            (no gloves)
SInv    .            r - +0 pair of boots
Will    +....        (no amulet)
Stlth   ++           g - ring of willpower
HPRegen 0.31/turn    i - ring of protection from cold
MPRegen 0.12/turn

%: no passive effects
@: no status effects
A: high MP 1, forlorn, divine attributes
a: no special abilities


You were on level 6 of the Dungeon.
You visited 1 branch of the dungeon, and saw 7 of its levels.

You collected 317 gold pieces.

Inventory:

Hand Weapons
 a - a +1 shortbow of flaming (weapon)
 e - a +2 dagger of draining
 m - a +2 vampiric dagger
Armour
 c - the +0 ring mail "Gejila" {Will++ Slay+3}
   (You found it on level 6 of the Dungeon)

   Slay:      It affects your accuracy & damage with ranged weapons and melee
   (+3).
   Will:      It greatly increases your willpower.
 h - a +2 helmet (worn)
 k - a +0 robe (worn)
 r - a +0 pair of boots (worn)
Jewellery
 g - a ring of willpower (left hand)
 i - a ring of protection from cold (right hand)
Wands
 d - a wand of polymorph (6)
 f - a wand of paralysis (6)
Scrolls
 b - a scroll of butterflies
 j - a scroll of fear
 o - 2 scrolls of amnesia
Potions
 l - a potion of mutation
 n - 3 potions of curing
 p - a potion of degeneration {unknown}
 q - a potion of enlightenment {unknown}
 s - a potion of brilliance {unknown}
 t - a potion of might
 v - a potion of lignification {unknown}


   Skills:
 + Level 5.9 Fighting
 + Level 6.7 Ranged Weapons
 + Level 5.8 Dodging
 - Level 0.8 Stealth


You had 7 spell levels left.
You didn't know any spells.
Your spell library contained the following spells:

 Spells                   Type           Power      Damage    Failure   Level
 Apportation              Tloc           0%         N/A       34%         1
 Foxfire                  Conj/Fire      0%         2x1d4     34%         1
 Necrotise                Necr           0%         1d4       34%         1
 Summon Small Mammal      Summ           0%         N/A       34%         1
 Lesser Beckoning         Tloc           0%         N/A       47%         2
 Gell's Gravitas          Tloc           0%         N/A       71%         3
 Teleport Other           Tloc           0%         N/A       71%         3
 Fireball                 Conj/Fire      0%         3d3       100%        5
 Plasma Beam              Fire/Air       0%         2x1d10    100%        6
 Starburst                Conj/Fire      0%         6d3       100%        6


Dungeon Overview and Level Annotations

Branches:
Dungeon (7/15)
 Temple: D:4-7

Shops:
D:5 [

Annotations:
D:6 Joseph


Innate Abilities, Weirdness & Mutations

You have an increased reservoir of magic. (+10% MP)
You shall have no god before yourself.
Your divine heritage dramatically boosts your attributes as you level up.


Message History

You shoot an arrow. The arrow hits Joseph.
Joseph is lightly wounded.
A sleepcap comes into view.
Joseph shoots a sling bullet.
The sling bullet barely misses you.
You shoot an arrow. The arrow hits Joseph.
Joseph is lightly wounded.
Joseph shoots a sling bullet.
The sling bullet hits you! The sling bullet burns you.
You shoot an arrow. The arrow hits Joseph.
The arrow burns Joseph.
Joseph is lightly wounded.
You shoot an arrow.
The arrow hits Joseph but does no damage.
Joseph is lightly wounded.
Joseph says, "I'm happy to see you. And I'll be happy to kill you."
Joseph unwields a +0 sling of flaming.
It stops flaming.
Joseph wields a +4 heavy quarterstaff.
Joseph hits you with a +4 heavy quarterstaff!
You climb upwards.
There is a stone staircase leading down here.
You shoot an arrow.
The arrow hits Joseph but does no damage.
Joseph is lightly wounded.
You shoot an arrow. The arrow closely misses Joseph.
Joseph misses you.
Joseph unwields a +4 heavy quarterstaff.
Joseph wields a +0 sling of flaming.
It bursts into flame!
Joseph shoots a sling bullet.
The sling bullet barely misses you.
Joseph shoots a sling bullet.
The sling bullet barely misses you.
Joseph shoots a sling bullet.
The sling bullet closely misses you.
Joseph shoots a sling bullet.
The sling bullet hits you. The sling bullet burns you.
Joseph shoots a sling bullet.
The sling bullet hits you!
* * * LOW HITPOINT WARNING * * *
The sling bullet burns you.
* * * LOW HITPOINT WARNING * * *
You start resting.
Joseph is nearby!
Joseph shoots a sling bullet.
The sling bullet hits you!
* * * LOW HITPOINT WARNING * * *
The sling bullet burns you.
You die...

.......###.##[........#........#
......<[.....[.#.....##.......##
........##...........##....#...#
........###......^...##....##..#
.........###.[..._^..#..##.....#
.........#####...^^..#..##.....#
###.......####......#...##..#####
###.......#.#.....#.....#....##.#
.......#........@####...##.......
.......#.....##.....#............
#...#..<.....##.....@..#.........
#.#.##......###.......##.##.##...
..#.##......##............#....##
....##......##.#######.#........#
.....#..#...##.#.....#.#...#....#
..........#.##.#.#.#.#.##.##.....
.......#.#####...#.#...######...#


You could see Joseph.

Vanquished Creatures
  A black bear (D:6)
  3 ogres
  A phantom (D:4)
  A bullfrog (D:6)
  3 scorpions
  4 wights
  A howler monkey (D:5)
  2 hounds (D:6)
  A jelly (D:5)
  A gnoll bouda (D:5)
  An orc priest (D:5)
  Jessica (D:2)
  3 iguanas (D:5)
  3 orc wizards (D:6)
  7 gnolls
  5 adders
  3 shadow imps
  An ufetubus (D:6)
  2 worms
  36 orcs
  7 ball pythons
  7 endoplasms
  3 giant cockroaches
  13 hobgoblins
  11 jackals
  3 quokkas
  A bat (D:1)
  11 goblins
  11 kobolds
  2 rats
149 creatures vanquished.

Notes
Turn   | Place    | Note
-------+----------+-------------------------------------------
     0 | D:1      | senseless the Demigod Hunter began the quest for the Orb.
     0 | D:1      | Reached XP level 1. HP: 17/17 MP: 3/3
   362 | D:1      | Reached XP level 2. HP: 21/24 MP: 4/4
  1143 | D:2      | Reached XP level 3. HP: 30/30 MP: 5/5
  1185 | D:2      | Reached skill level 4 in Ranged Weapons
  1298 | D:2      | Noticed Jessica
  1302 | D:2      | Killed Jessica
  1390 | D:2      | Reached XP level 4. HP: 35/37 MP: 6/6
  2440 | D:4      | Noticed a phantom
  2446 | D:4      | Killed a phantom
  2447 | D:4      | Reached XP level 5. HP: 43/45 MP: 7/7
  2509 | D:4      | Noticed an ogre
  2517 | D:4      | Killed an ogre
  2789 | D:4      | Reached XP level 6. HP: 52/52 MP: 8/8
  2998 | D:4      | Reached skill level 5 in Ranged Weapons
  3550 | D:5      | Entered Level 5 of the Dungeon
  3857 | D:5      | Found Sesyploc's Antique Armour Shoppe.
  4035 | D:5      | Reached XP level 7. HP: 60/60 MP: 9/9
  4781 | D:6      | Identified the +0 ring mail "Gejila" {Will++ Slay+3}
  4808 | D:6      | Reached skill level 5 in Fighting
  4808 | D:6      | Reached skill level 5 in Dodging
  4814 | D:6      | Reached skill level 6 in Ranged Weapons
  5145 | D:6      | Reached XP level 8. HP: 61/69 MP: 10/10
  5704 | D:7      | Noticed Joseph
  5733 | D:6      | HP: 2/70 [Joseph/sling bullet (12)]
  5733 | D:6      | Shot with a sling bullet by Joseph

Illustrated notes

Levels and vault maps discovered:
D:1:      minmay_arrival_loop, layout_rooms, serial_corexii_hall,
          chequers_hall_statues_y, chequers_hall_statues_y, dk_noncrumbling_3,
          hex_medium, dreamdust_princess_bridge, lemuel_flame_loot_1
D:2:      layout_loops_cross, uniq_jessica
D:3:      layout_loops_corners, serial_park_tiny_1
D:4:      layout_basic, mainiacjoe_overflow_surrounded_room
D:5:      corexii_shack_village, layout_basic, nicolae_uskayaw_suspiria,
          mainiacjoe_overflow_brackets, serial_shops, shop,
          roderic_roman_lattice, minmay_misc_feat_enclosed
D:6:      layout_cave_pools, xom_teletrap_fun, abandoned_shop,
          corexii_checkpoint_b, minmay_misc_feat_ornament
D:7:      layout_cave_pools, mainiacjoe_overflow_concentric_impassable,
          minmay_temple_entry_slanted, uniq_duvessa, uniq_pikel, uniq_menkaure,
          uniq_joseph

Skill      XL: |  1  2  3  4  5  6  7 |
---------------+----------------------+-----
Fighting       | 2 3 4 5 |  5.9
Dodging        | 2 3 4 5 |  5.8
Ranged Weapons | 4 5 6 |  6.7
Stealth        | |  0.8

Action                     |  1- 3 |  4- 6 |  7- 9 || total
---------------------------+-------+-------+-------++-------
   Fire: Shortbow          |   101 |   196 |   206 ||   503
  Evoke: Wand              |       |       |     1 ||     1
    Use: Scroll            |       |    13 |     2 ||    15
 Armour: Leather armour    |    12 |       |       ||    12
         Robe              |       |    13 |    16 ||    29
  Dodge: Dodged            |    26 |    46 |    80 ||   152

Table legend: (Time is in decaauts)
 A = Elapsed time spent in this place.
 B = Non-inter-level travel time spent in this place.
 C = Inter-level travel time spent in this place.
 D = Time resting spent in this place.
 E = Time spent auto-exploring this place.
 F = Levels seen in this place.
 G = Mean time per level.
                   A        B        C        D        E       F      G
               +--------+--------+--------+--------+--------+-----+--------+
         Total |   5811 |   5298 |    513 |    228 |   4040 |   7 |  830.1 |
       Dungeon |   5811 |   5298 |    513 |    228 |   4040 |   7 |  830.1 |
               +--------+--------+--------+--------+--------+-----+--------+

Top non-repeatable levels by time:
     D:5: 1144 daAuts
     D:4: 1133 daAuts
     D:6: 1062 daAuts
     D:1: 911 daAuts
     D:3: 847 daAuts
     D:2: 704 daAuts
     D:7: 8 daAuts
